[Event "Titled Tuesday Blitz February 21 Early 2023"]
[White "Ghosh, Chanchal Kumer"]
[Black "Suduvasachmatai"]
[WhiteFideId "10201858"]
[WhiteElo "2020"]
[BlackElo "2100"]
[Result "1-0"]
[Round "08"]
[TimeControl "180+2"]
[Date "2023.02.21"]
[WhiteClock "0:00:29"]
[BlackClock "0:01:00"]

1. e4 c5 2. Nf3 d6 3. d4 cxd4 4. Nxd4 Nf6 5. Nc3 a6 6. Be2 e5 7. Nb3 Nc6 8. Be3 Be7 9. O-O O-O 10. a4 Be6 11. f4 exf4 12. Rxf4 Ne5 13. Nd4 Ng6 14. Rf1 Qd7 15. Bf3 Ne5 16. Nd5 Bxd5 17. exd5 Rfe8 18. Kh1 Bf8 19. Bg5 Be7 20. a5 Nxf3 21. Qxf3 h6 22. Bh4 Bd8 23. Nf5 Re5 24. Nxh6+ gxh6 25. Bxf6 Bxf6 26. Qxf6 Rxd5 27. Rf3 Rg5 28. Raf1 Rf8 29. Qxh6 Rg6 30. Qxg6+ fxg6 31. Rxf8+ Kg7 32. R1f7+ Qxf7 33. Rxf7+ Kxf7 34. Kg1 Ke6 35. Kf2 Kd5 36. h4 Ke4 37. c4 Kd3 38. g4 Kxc4 39. h5 d5 40. hxg6 d4 41. g7 d3 42. g8=Q+ Kb4 43. Ke3 1-0


[Site "https://www.chess.com"]

[Event "Titled Tuesday Blitz February 21 Early 2023"]
[White "Estevez Polanco, Leonardo Rafael"]
[Black "Slaby, Jerzy"]
[WhiteFideId "6402798"]
[BlackFideId "1121405"]
[WhiteElo "2096"]
[BlackElo "2469"]
[Result "1-0"]
[Round "08"]
[TimeControl "180+2"]
[Date "2023.02.21"]
[WhiteClock "0:01:13"]
[BlackClock "0:00:12"]

1. e4 c5 2. f3 e6 3. c4 Bd6 4. d4 Qh4+ 5. Ke2 Nf6 6. dxc5 Bxc5 7. Qe1 Qh5 8. Kd1 Qe5 9. Nc3 Nc6 10. Nge2 Nd4 11. Nxd4 Bxd4 12. Kc2 a6 13. Bd2 O-O 14. f4 Qc5 15. e5 Ng4 16. Be2 Ne3+ 17. Bxe3 Bxe3 18. g3 b6 19. Rd1 Bb7 20. Rf1 Bd4 21. Kb1 b5 22. cxb5 axb5 23. Qd2 Bxc3 24. Qxc3 Be4+ 25. Bd3 Qxc3 26. bxc3 Bd5 27. Rd2 Rfb8 28. Rff2 Ra3 29. Rb2 Rxc3 30. Rxb5 Rbc8 31. Rc2 Bxa2+ 32. Kb2 Rxc2+ 33. Bxc2 Bc4 34. Rb7 Rd8 35. Ba4 Kf8 36. Rxd7 Rxd7 37. Bxd7 Ke7 38. Bc6 Kd8 39. Kc3 Kc8 40. Kxc4 Kc7 41. Kc5 1-0


[Site "https://www.chess.com"]

[Event "Titled Tuesday Blitz February 21 Early 2023"]
[White "Nakamura, Hikaru"]
[Black "Lazavik, Denis"]
[WhiteFideId "2016192"]
[BlackFideId "13515110"]
[WhiteElo "2775"]
[BlackElo "2544"]
[Result "1/2-1/2"]
[Round "09"]
[TimeControl "180+2"]
[Date "2023.02.21"]
[WhiteClock "0:00:45"]
[BlackClock "0:01:16"]

1. Nf3 d5 2. g3 Nf6 3. Bg2 e6 4. d3 Be7 5. Nbd2 Nc6 6. d4 O-O 7. O-O Ne4 8. c3 f5 9. Ne1 a5 10. Nd3 b6 11. Nf3 Ba6 12. h4 Qe8 13. Bf4 Bd6 14. Qc1 h6 15. Qe3 a4 16. Rac1 Na5 17. Nd2 Nc4 18. Nxc4 Bxc4 19. a3 Qb5 20. Rc2 Rae8 21. h5 Bb3 22. Rcc1 Bc4 23. Rc2 Bb3 24. Rcc1 Bc4 25. Rc2 1/2-1/2


[Site "https://www.chess.com"]

[Event "Titled Tuesday Blitz February 21 Early 2023"]
[White "Caruana, Fabiano"]
[Black "Erigaisi Arjun"]
[WhiteFideId "2020009"]
[BlackFideId "35009192"]
[WhiteElo "2764"]
[BlackElo "2701"]
[Result "1-0"]
[Round "09"]
[TimeControl "180+2"]
[Date "2023.02.21"]
[WhiteClock "0:00:11"]
[BlackClock "0:00:02"]

1. c4 g6 2. Nc3 Bg7 3. d4 c5 4. d5 Nf6 5. e4 d6 6. Bd3 O-O 7. Nf3 e6 8. h3 exd5 9. exd5 Re8+ 10. Be3 Rxe3+ 11. fxe3 Nbd7 12. O-O Qe7 13. Qd2 b6 14. Rae1 Ba6 15. Qf2 Rf8 16. Qh4 Re8 17. a4 h6 18. Re2 Bc8 19. Nb5 a6 20. Na7 Bb7 21. Bc2 Nb8 22. a5 Qc7 23. Nd2 Nfd7 24. Ref2 Ne5 25. Ne4 Bxd5 26. cxd5 Qxa7 27. Nxd6 Rf8 28. axb6 Qxb6 29. Nc4 Qb4 30. b3 Nbd7 31. Qe7 Qc3 32. Kh1 a5 33. d6 h5 34. Be4 a4 35. Nxe5 Nxe5 36. d7 Nxd7 37. Qxd7 Qxe3 38. Bd5 Be5 39. Rxf7 1-0


[Site "https://www.chess.com"]

[Event "Titled Tuesday Blitz February 21 Early 2023"]
[White "Le, Tuan Minh"]
[Black "Bacrot, Etienne"]
[WhiteFideId "12401153"]
[BlackFideId "605506"]
[WhiteElo "2542"]
[BlackElo "2667"]
[Result "1/2-1/2"]
[Round "09"]
[TimeControl "180+2"]
[Date "2023.02.21"]
[WhiteClock "0:00:08"]
[BlackClock "0:00:08"]

1. d4 Nf6 2. Nf3 g6 3. Bg5 Bg7 4. Nbd2 O-O 5. c3 d5 6. e3 Nbd7 7. Bd3 b6 8. O-O Bb7 9. a4 Ne4 10. Bh4 a6 11. Qc2 Nxd2 12. Nxd2 c5 13. f4 Rc8 14. Nf3 Re8 15. Ne5 f6 16. Nxg6 hxg6 17. Bxg6 Nf8 18. Bxe8 Qxe8 19. f5 Qh5 20. Bg3 a5 21. Rae1 Ba6 22. Rf4 e5 23. Rh4 Qg5 24. Qb3 Bc4 25. Qxb6 Qxf5 26. dxe5 fxe5 27. h3 Nd7 28. Qb7 Nf6 29. Bxe5 Rf8 30. Bxf6 Qxf6 31. Rf4 Qe5 32. Rxf8+ Bxf8 33. Qc8 Kg7 34. Qg4+ Kh7 35. Kh1 Bd6 36. Qf4 Qxf4 37. exf4 Bxf4 38. Re7+ Kg6 39. Ra7 d4 40. cxd4 cxd4 41. Rd7 d3 42. g3 Bh6 43. Kg2 d2 44. Kf2 Bb3 45. Ke2 Bxa4 46. Rxd2 Bxd2 47. Kxd2 Bb3 48. Kc3 a4 49. Kb4 Kf5 50. Ka5 Ke4 51. Kb4 Kf3 52. g4 Kf4 53. Ka5 Kg5 54. Kb4 Kf4 55. Ka5 Ke5 56. Kb4 Kf4 1/2-1/2


[Site "https://www.chess.com"]

[Event "Titled Tuesday Blitz February 21 Early 2023"]
[White "Daneshvar, Bardiya"]
[Black "Kukhmazov, Arsen"]
[WhiteFideId "12576468"]
[BlackFideId "24108260"]
[WhiteElo "2540"]
[BlackElo "2512"]
[Result "1-0"]
[Round "09"]
[TimeControl "180+2"]
[Date "2023.02.21"]
[WhiteClock "0:00:10"]
[BlackClock "0:00:11"]

1. d4 d5 2. c4 c6 3. cxd5 cxd5 4. Bf4 Qb6 5. Nc3 Nf6 6. e3 Qxb2 7. Bb5+ Bd7 8. Bxd7+ Nbxd7 9. Nge2 Qa3 10. O-O a6 11. f3 e6 12. e4 Bb4 13. Rc1 O-O 14. e5 Nh5 15. Bd2 g6 16. Rb1 Bxc3 17. Bxc3 Rfc8 18. Rxb7 Nf8 19. Qd2 Qa4 20. g4 Ng7 21. Qf4 Qe8 22. Bb4 Nd7 23. Bd6 Rc2 24. Ng3 Rac8 25. a3 Ra2 26. Nh1 Rcc2 27. Nf2 Qd8 28. Kg2 Ne8 29. Bb4 Nc7 30. Ba5 Qc8 31. Rxc7 Rxc7 32. Bxc7 Qxc7 33. Rc1 Qb8 34. Qh6 Nb6 35. Rc6 Nc4 36. Kg3 Qf8 37. Qh4 Rxa3 38. Qf6 Nd2 39. Kg2 Rxf3 40. Qh4 h6 41. Rc2 g5 42. Qh5 Rxf2+ 43. Kxf2 Ne4+ 44. Kg2 Kg7 45. Qh3 Qb4 46. Qd3 a5 47. Rc7 Qb2+ 48. Rc2 Qa1 49. Qf3 Qxd4 50. Rc7 Qd2+ 51. Kh3 Nf2+ 52. Kg3 Ne4+ 53. Kh3 Qf4 54. Qxf4 gxf4 55. Ra7 Kg6 56. Rxa5 f6 57. Ra6 Kf7 58. exf6 Kxf6 59. Kg2 Ke5 60. h4 Nc5 61. Ra8 Ke4 62. g5 hxg5 63. h5 Kf5 64. Rf8+ Kg4 65. h6 Nd7 66. h7 Nxf8 67. h8=Q f3+ 68. Kh2 Ng6 69. Qh3+ Kf4 70. Qxe6 Ne5 71. Qxd5 g4 72. Qd4+ Kf5 73. Kg3 Ke6 74. Qe4 Kd6 75. Kf4 Nc6 76. Kxg4 f2 77. Qf4+ Kd5 78. Qxf2 Ne5+ 79. Kg3 Ke4 80. Qe2+ Kd4 81. Qa6 Nd3 82. Qa1+ Ke3 83. Qc3 Ke4 84. Qc4+ Ke3 85. Qd5 Ke2 86. Qd4 Kd2 87. Kf3 Kc2 88. Ke3 1-0


[Site "https://www.chess.com"]

[Event "Titled Tuesday Blitz February 21 Early 2023"]
[White "Hakobyan, Aram"]
[Black "Andreikin, Dmitry"]
[WhiteFideId "13306677"]
[BlackFideId "4158814"]
[WhiteElo "2608"]
[BlackElo "2729"]
[Result "1-0"]
[Round "09"]
[TimeControl "180+2"]
[Date "2023.02.21"]
[WhiteClock "0:00:13"]
[BlackClock "0:00:03"]

1. e4 e6 2. d4 d5 3. Nc3 Bb4 4. exd5 exd5 5. Bd3 Nf6 6. a3 Bd6 7. Nf3 O-O 8. O-O c6 9. Ne5 Re8 10. Bf4 Qc7 11. Bg3 Nbd7 12. f4 a6 13. Qf3 c5 14. Rae1 Nb6 15. Bh4 c4 16. Bxf6 cxd3 17. Qg3 Bf8 18. cxd3 Bf5 19. Qg5 Bg6 20. Nxg6 hxg6 21. Be5 Qd7 22. f5 f6 23. Bxf6 gxf6 24. Qxf6 Bg7 25. Qxb6 Qc6 26. Qxc6 bxc6 27. Rxe8+ Rxe8 28. f6 1-0


[Site "https://www.chess.com"]

[Event "Titled Tuesday Blitz February 21 Early 2023"]
[White "Paravyan, David"]
[Black "Deac, Bogdan-Daniel"]
[WhiteFideId "4194985"]
[BlackFideId "1226380"]
[WhiteElo "2601"]
[BlackElo "2700"]
[Result "0-1"]
[Round "09"]
[TimeControl "180+2"]
[Date "2023.02.21"]
[WhiteClock "0:00:08"]
[BlackClock "0:00:03"]

1. d4 Nf6 2. c4 e6 3. Nf3 d5 4. g3 dxc4 5. Bg2 Bd7 6. Ne5 Bc6 7. Nxc6 Nxc6 8. O-O Qd7 9. e3 Rd8 10. Nc3 Be7 11. Qe2 e5 12. d5 Nb4 13. e4 Nd3 14. Be3 a6 15. b3 b5 16. bxc4 bxc4 17. Qc2 c6 18. Na4 cxd5 19. Nb6 Qb5 20. exd5 Nb4 21. Qxc4 Nbxd5 22. Rfe1 O-O 23. Qxb5 axb5 24. Nxd5 Nxd5 25. Bd2 Bc5 26. Rab1 Bd4 27. Rxb5 Nc3 28. Rb3 Bxf2+ 29. Kxf2 Rxd2+ 30. Kf1 Nxa2 31. Rxe5 g6 32. Bd5 Rc8 33. Rbe3 Rc1+ 34. Re1 Rxe1+ 35. Kxe1 Rxh2 36. Re7 Nb4 37. Bxf7+ Kf8 38. Rb7 Nd3+ 39. Kd1 Nc5 40. Ra7 Ne4 41. g4 Nf2+ 42. Ke1 Nxg4 43. Bc4 Ne5 44. Bd5 Rh4 45. Ke2 Rd4 46. Bb3 h5 47. Bc2 Rg4 48. Ke3 Nf7 49. Bb3 Rg3+ 50. Kf4 Rxb3 51. Ra4 Rb8 52. Rd4 Re8 53. Kg3 Kg7 54. Kh4 Re6 55. Rd5 Re4+ 0-1


[Site "https://www.chess.com"]

[Event "Titled Tuesday Blitz February 21 Early 2023"]
[White "Ahmadzada, Ahmad"]
[Black "Sarana, Alexey"]
[WhiteFideId "13413007"]
[BlackFideId "24133795"]
[WhiteElo "2488"]
[BlackElo "2685"]
[Result "0-1"]
[Round "09"]
[TimeControl "180+2"]
[Date "2023.02.21"]
[WhiteClock "0:00:01"]
[BlackClock "0:00:53"]

1. Nf3 d5 2. d4 Nf6 3. Bf4 c5 4. e3 Nc6 5. Nbd2 Qb6 6. dxc5 Qxb2 7. Rb1 Qa3 8. Bb5 g6 9. c4 Bg7 10. Ne5 Qxc5 11. cxd5 Qxd5 12. e4 Qc5 13. Qc1 Qxc1+ 14. Rxc1 a6 15. Bxc6+ bxc6 16. Nxc6 Be6 17. Nc4 a5 18. f3 Nd7 19. Ke2 a4 20. a3 Rc8 21. N4a5 Bb2 22. Rc2 Bxa3 23. Ra1 Bb3 24. Nxb3 axb3 25. Rc5 Bxc5 0-1


[Site "https://www.chess.com"]

[Event "Titled Tuesday Blitz February 21 Early 2023"]
[White "Nihal Sarin"]
[Black "Bernadskiy, Vitaliy"]
[WhiteFideId "25092340"]
[BlackFideId "14100371"]
[WhiteElo "2673"]
[BlackElo "2592"]
[Result "0-1"]
[Round "09"]
[TimeControl "180+2"]
[Date "2023.02.21"]
[WhiteClock "0:00:06"]
[BlackClock "0:00:31"]

1. Nf3 c5 2. b3 d6 3. d4 cxd4 4. Nxd4 Nf6 5. Bb2 e5 6. Nf3 Be7 7. e3 O-O 8. c4 b6 9. Nc3 Bb7 10. Be2 Nbd7 11. O-O a6 12. Qd2 Nc5 13. Rfd1 Re8 14. b4 Nce4 15. Nxe4 Nxe4 16. Qc2 Rc8 17. Bxe5 b5 18. c5 Bh4 19. g3 Bf6 20. Bb2 Qe7 21. Bxf6 Qxf6 22. c6 Rxc6 23. Qd3 Nc3 24. Re1 Nxe2+ 25. Qxe2 Rc2 26. Qxc2 Qxf3 27. e4 Bxe4 28. Rxe4 Qxe4 29. Qxe4 Rxe4 30. a4 Kf8 31. axb5 axb5 32. Rb1 Ke7 33. Kg2 d5 34. f3 Re2+ 35. Kg1 Kd6 36. Ra1 d4 37. Ra7 d3 38. Kf1 Re5 39. Ra8 Kd5 40. Rc8 Kd4 41. Kf2 d2 42. Rd8+ Rd5 0-1


[Site "https://www.chess.com"]

[Event "Titled Tuesday Blitz February 21 Early 2023"]
[White "Molina, Roberto Junio Brito"]
[Black "Dubov, Daniil"]
[WhiteFideId "2109450"]
[BlackFideId "24126055"]
[WhiteElo "2403"]
[BlackElo "2708"]
[Result "0-1"]
[Round "09"]
[TimeControl "180+2"]
[Date "2023.02.21"]
[WhiteClock "0:00:06"]
[BlackClock "0:00:06"]

1. d4 Nf6 2. c4 e6 3. Nf3 c5 4. d5 d6 5. Nc3 exd5 6. cxd5 g6 7. h3 Bg7 8. e4 O-O 9. Bd3 Na6 10. O-O Nc7 11. Re1 a6 12. a4 Rb8 13. a5 b5 14. axb6 Rxb6 15. Nd2 Nb5 16. Nc4 Rb8 17. Bf4 Ne8 18. Qd2 Nd4 19. Ra3 Rb4 20. Bg5 Qc7 21. Kh1 Nb5 22. Raa1 f5 23. exf5 Bxf5 24. Re7 Qc8 25. Rae1 Nd4 26. R1e3 h6 27. Rxe8 Rxe8 28. Nxd6 Rxe3 29. Bxf5 Qf8 30. Bxe3 gxf5 31. Bf4 Kh7 32. g3 Qe7 33. Qd3 Rxb2 34. Kg2 Rb3 35. Bd2 Qxd6 36. Qc4 Rb4 37. Qd3 Nb5 38. Bf4 Rxf4 39. gxf4 Nxc3 0-1


[Site "https://www.chess.com"]

[Event "Titled Tuesday Blitz February 21 Early 2023"]
[White "Kamsky, Gata"]
[Black "Kramnik, Vladimir"]
[WhiteFideId "2000024"]
[BlackFideId "4101588"]
[WhiteElo "2665"]
[BlackElo "2753"]
[Result "1/2-1/2"]
[Round "09"]
[TimeControl "180+2"]
[Date "2023.02.21"]
[WhiteClock "0:00:45"]
[BlackClock "0:00:46"]

1. d4 Nf6 2. Bf4 c5 3. e3 cxd4 4. exd4 g6 5. c3 Bg7 6. Nf3 O-O 7. Nbd2 d6 8. h3 Nc6 9. Be2 Nh5 10. Bh2 e5 11. O-O exd4 12. Nxd4 Nxd4 13. cxd4 Nf6 14. Nc4 Ne4 15. f3 d5 16. fxe4 dxc4 17. Bxc4 Qxd4+ 18. Qxd4 Bxd4+ 19. Kh1 Be6 20. Bd5 Rad8 21. Rfd1 Bxd5 22. Rxd4 Bc6 23. Rad1 Rxd4 24. Rxd4 Re8 25. Bc7 Kg7 26. e5 Rc8 27. Bd8 f5 28. exf6+ Kf7 29. Be7 Be8 30. Rd2 Rc1+ 31. Kh2 Bc6 32. h4 h6 33. b3 g5 34. hxg5 hxg5 35. Kg3 Re1 36. Kf2 Ra1 37. Kg3 Re1 38. Kf2 Ra1 39. Kg3 Re1 1/2-1/2


[Site "https://www.chess.com"]

[Event "Titled Tuesday Blitz February 21 Early 2023"]
[White "Rakhmanov, Aleksandr"]
[Black "Shimanov, Aleksandr"]
[WhiteFideId "4173708"]
[BlackFideId "4198603"]
[WhiteElo "2632"]
[BlackElo "2581"]
[Result "1-0"]
[Round "09"]
[TimeControl "180+2"]
[Date "2023.02.21"]
[WhiteClock "0:00:17"]
[BlackClock "0:00:10"]

1. c4 e5 2. Nf3 Nc6 3. d4 exd4 4. Nxd4 g6 5. Nxc6 bxc6 6. g3 Bg7 7. Bg2 Ne7 8. O-O O-O 9. Nc3 Rb8 10. Qa4 a6 11. c5 d5 12. cxd6 cxd6 13. Rd1 d5 14. Qa3 Re8 15. Bf4 Ra8 16. Rac1 a5 17. h3 Qb6 18. e4 Be6 19. Bd6 Rad8 20. Bxe7 Rb8 21. Bc5 Qxb2 22. Qxb2 Rxb2 23. exd5 cxd5 24. Nxd5 Rxa2 25. Nc7 Rc8 26. Nxe6 fxe6 27. Bd6 Rxc1 28. Rxc1 a4 29. Rc8+ Kf7 30. Rc7+ Kg8 31. Bf1 Bd4 32. Bc4 Rxf2 33. Bxe6+ Kh8 34. Be5+ Bxe5 35. Rc8+ 1-0


[Site "https://www.chess.com"]

[Event "Titled Tuesday Blitz February 21 Early 2023"]
[White "Vakhlamov, Igor L."]
[Black "Korobov, Anton"]
[WhiteFideId "24126748"]
[BlackFideId "14105730"]
[WhiteElo "2413"]
[BlackElo "2664"]
[Result "1/2-1/2"]
[Round "09"]
[TimeControl "180+2"]
[Date "2023.02.21"]
[WhiteClock "0:01:12"]
[BlackClock "0:01:54"]

1. e4 c5 2. Nf3 d6 3. Nc3 Nf6 4. d4 cxd4 5. Qxd4 Nc6 6. Bb5 Bd7 7. Bxc6 Bxc6 8. Bg5 e6 9. O-O-O Be7 10. Rhe1 O-O 11. e5 dxe5 12. Nxe5 Qxd4 13. Rxd4 Rfc8 14. Nxc6 Rxc6 15. Ne4 Rac8 16. Re2 Kf8 17. Nxf6 gxf6 18. Bh6+ Ke8 19. Rg4 e5 20. Rg7 f5 21. Rxe5 Rxh6 22. Rg8+ Kd7 23. Rxe7+ Kxe7 24. Rxc8 Rxh2 25. Rc7+ Kf6 26. Rxb7 Rxg2 27. Rxa7 h5 28. b4 h4 29. Ra8 Rxf2 30. Rh8 Rf4 31. c3 Kg7 32. Rh5 Kg6 33. Rh8 Kg7 34. Rh5 Kg6 35. Rh8 Kg7 1/2-1/2


[Site "https://www.chess.com"]

[Event "Titled Tuesday Blitz February 21 Early 2023"]
[White "Boros, Denes"]
[Black "Makarian, Rudik"]
[WhiteFideId "722340"]
[BlackFideId "44105681"]
[WhiteElo "2406"]
[BlackElo "2545"]
[Result "0-1"]
[Round "09"]
[TimeControl "180+2"]
[Date "2023.02.21"]
[WhiteClock "0:00:37"]
[BlackClock "0:00:08"]

1. e4 c5 2. f4 d5 3. e5 h5 4. c3 d4 5. Bc4 Nc6 6. Nf3 Bg4 7. h3 Bxf3 8. Qxf3 e6 9. f5 exf5 10. O-O Nh6 11. d3 g6 12. e6 fxe6 13. Bxe6 Qf6 14. Re1 Be7 15. Na3 a6 16. Nc4 g5 17. Qxh5+ Kf8 18. Nb6 Kg7 19. Nd5 Qg6 20. Qxg6+ Kxg6 21. Bd7 Bf6 22. Re6 Rhf8 23. Bd2 Rad8 24. Bxc6 bxc6 25. Nxf6 Rxf6 26. Rxf6+ Kxf6 27. h4 Nf7 28. cxd4 gxh4 29. Rc1 Ke7 30. Rxc5 Rxd4 31. Rxc6 Rxd3 32. Bf4 Rd4 33. Be3 Re4 34. Kf2 Ne5 35. Bg5+ Kd7 36. Rc1 Nd3+ 37. Kf3 Nxc1 38. Bxc1 Ke6 39. Bd2 Kf6 40. Bc3+ Kg5 41. a4 Rxa4 42. Bd2+ Kh5 43. Be3 Rb4 44. Bf4 Rb3+ 45. Be3 Rxb2 46. Bf4 Rb3+ 47. Be3 a5 48. g4+ fxg4+ 0-1


[Site "https://www.chess.com"]

[Event "Titled Tuesday Blitz February 21 Early 2023"]
[White "Svane, Rasmus"]
[Black "Rustemov, Alexander"]
[WhiteFideId "4657101"]
[BlackFideId "4119002"]
[WhiteElo "2623"]
[BlackElo "2525"]
[Result "1-0"]
[Round "09"]
[TimeControl "180+2"]
[Date "2023.02.21"]
[WhiteClock "0:00:06"]
[BlackClock "0:00:11"]

1. Nf3 Nf6 2. g3 e6 3. Bg2 d5 4. O-O Be7 5. c4 O-O 6. b3 c5 7. cxd5 Nxd5 8. Nc3 Nc6 9. Nxd5 exd5 10. d4 Bf6 11. Bb2 Bg4 12. Ne5 Bxe5 13. dxe5 Be6 14. f4 Qd7 15. Rc1 b6 16. e4 dxe4 17. Bxe4 Nd4 18. Bxd4 cxd4 19. Bxa8 Rxa8 20. f5 Bd5 21. Qxd4 Rd8 22. Rfd1 Qxf5 23. Rd2 h5 24. Qf4 Qe6 25. Rcd1 Rd7 26. Qg5 Qc6 27. Qxh5 Bf3 28. Qf5 Rxd2 29. Rxd2 Qc1+ 30. Kf2 Qxd2+ 31. Kxf3 Qxa2 32. Qc8+ Kh7 33. Qh3+ Kg8 34. Qc8+ Kh7 35. Qc4 Kg8 36. e6 fxe6 37. Qxe6+ Kh7 38. h4 Qc2 39. Qe4+ Qxe4+ 40. Kxe4 Kg6 41. g4 b5 42. b4 Kf6 43. Kd5 a6 44. Kd6 g6 45. Kd5 Kf7 46. Ke5 Ke7 47. g5 Kf7 48. Kd5 Ke7 49. Kc6 Ke6 50. Kb6 Kf5 51. Kxa6 Kg4 52. Kxb5 Kxh4 53. Kc4 Kxg5 54. b5 1-0


[Site "https://www.chess.com"]

[Event "Titled Tuesday Blitz February 21 Early 2023"]
[White "Navara, David"]
[Black "Galchenko, Matvey"]
[WhiteFideId "309095"]
[BlackFideId "24175480"]
[WhiteElo "2678"]
[BlackElo "2438"]
[Result "0-1"]
[Round "09"]
[TimeControl "180+2"]
[Date "2023.02.21"]
[WhiteClock "0:01:08"]
[BlackClock "0:00:21"]

1. d4 Nf6 2. c4 c5 3. d5 e6 4. Nc3 exd5 5. cxd5 d6 6. e4 g6 7. f4 Bg7 8. Bb5+ Nfd7 9. a4 O-O 10. Nf3 Na6 11. O-O Nb4 12. f5 a6 13. Bxd7 Bxd7 14. Bg5 Bf6 15. Qd2 gxf5 16. Rae1 Bxg5 17. Nxg5 Qf6 18. e5 dxe5 19. Nce4 Qb6 20. a5 Qg6 21. Nxc5 Bb5 22. Rf3 f4 23. Rxe5 f6 24. Re6 Qxg5 25. Qxb4 Qxd5 26. Re1 Rac8 27. Ne6 Rfe8 28. Nxf4 Qc5+ 29. Qxc5 Rxe1+ 30. Kf2 Rf1+ 31. Kg3 Rxf3+ 32. gxf3 Rxc5 0-1


[Site "https://www.chess.com"]

[Event "Titled Tuesday Blitz February 21 Early 2023"]
[White "Terry, Renato"]
[Black "Pichot, Alan"]
[WhiteFideId "3803457"]
[BlackFideId "110973"]
[WhiteElo "2520"]
[BlackElo "2638"]
[Result "1-0"]
[Round "09"]
[TimeControl "180+2"]
[Date "2023.02.21"]
[WhiteClock "0:00:06"]
[BlackClock "0:00:04"]

1. Nf3 Nf6 2. b3 d5 3. Bb2 g6 4. c4 c6 5. g3 Bg7 6. Bg2 O-O 7. O-O a5 8. d3 a4 9. Nbd2 Nbd7 10. b4 a3 11. Bc3 Nb6 12. Rc1 Na4 13. Ba1 Nb2 14. Qc2 Ne8 15. c5 Nc7 16. d4 Nb5 17. Bxb2 axb2 18. Qxb2 Bf5 19. Nb3 Ra3 20. Na5 Qc7 21. Rfd1 Be4 22. e3 Ra8 23. Nd2 Bxg2 24. Kxg2 e5 25. Nb1 R3xa5 26. bxa5 exd4 27. exd4 Qxa5 28. a4 Qxa4 29. Nc3 Nxc3 30. Qxc3 Re8 31. Ra1 Qb5 32. Rab1 Qa4 33. Ra1 Qb5 34. Rdb1 Qc4 35. Qxc4 dxc4 36. Rxb7 Bxd4 37. Ra2 c3 38. Rb4 Bf6 39. Rb6 Re6 40. Kf3 Kg7 41. Rc2 Bd4 42. Rb4 Bf6 43. Re4 Be5 44. Ke2 f5 45. Re3 Kf6 46. f4 Bd4 47. Rxe6+ Kxe6 48. Kd3 Kd5 49. Re2 Bf6 50. Re8 Kxc5 51. Rf8 Bd4 52. Rf7 h5 53. Re7 Kd6 54. Re8 Bg1 55. h3 Bh2 56. Rg8 Kd5 57. Rxg6 c5 58. Rg5 c4+ 59. Kxc3 Ke4 60. h4 Kf3 61. Rxf5 Bxg3 62. Rxh5 Bxf4 63. Rh7 Kg4 64. Kxc4 Kf5 65. Kd5 Kg6 66. Rh8 Bh6 67. Ke4 Bg7 68. Rg8 Kh7 69. Rc8 Kg6 70. Rc5 Bf6 71. h5+ Kh6 72. Kf4 Be7 73. Rd5 Bf6 74. Kg4 Kg7 75. Rd7+ Kg8 76. Rc7 Be5 77. Rb7 Bd4 78. Kf5 Kh8 79. Kg6 Be5 80. Re7 1-0


[Site "https://www.chess.com"]

[Event "Titled Tuesday Blitz February 21 Early 2023"]
[White "Mitrabha, Guha"]
[Black "Zemlyanskii, Ivan"]
[WhiteFideId "5057000"]
[BlackFideId "24249971"]
[WhiteElo "2507"]
[BlackElo "2300"]
[Result "0-1"]
[Round "09"]
[TimeControl "180+2"]
[Date "2023.02.21"]
[WhiteClock "0:00:25"]
[BlackClock "0:00:04"]

1. d4 Nc6 2. Nf3 d6 3. d5 Ne5 4. Nxe5 dxe5 5. e4 e6 6. Nc3 Bb4 7. Bd2 Nf6 8. Bb5+ Bd7 9. dxe6 fxe6 10. Bd3 Bc6 11. Qe2 Qe7 12. O-O-O O-O-O 13. f3 Nd7 14. Bb5 Bxb5 15. Qxb5 a6 16. Qa4 Nc5 17. Qxb4 Nd3+ 18. cxd3 Qxb4 19. Be3 Rd7 20. Rd2 Rhd8 21. Rhd1 h6 22. Kb1 Rd6 23. Ne2 Qb5 24. Nc1 g5 25. Rc2 b6 26. Rc3 Kb7 27. h3 Qd7 28. Rc2 Qg7 29. Rdd2 h5 30. Rc3 g4 31. fxg4 hxg4 32. h4 Rh8 33. Bg5 Rf8 34. Rcc2 g3 35. Rd1 Qg6 36. Be7 Rdd8 37. Bxd8 Rxd8 38. Rh1 Rh8 39. Ne2 Qg4 40. Rhc1 Rh7 41. Ng1 Qxh4 42. Nf3 Qf4 43. a3 Qe3 44. Nxe5 Qd4 45. Nc6 Qxd3 46. e5 Rd7 47. Ka1 Qe4 48. Ka2 a5 49. b4 axb4 50. axb4 Qd5+ 51. Kb2 Qe4 52. Ra1 Qxc6 53. Ra7+ Kxa7 54. Rxc6 Kb7 55. Rxe6 Rd2+ 56. Kc3 Rxg2 57. Rg6 Rg1 58. b5 Kc8 59. Rg7 Kd8 60. e6 g2 61. Kb2 Ke8 62. Kc2 Ra1 63. Rg8+ Ke7 64. Rg7+ Kxe6 65. Rxc7 g1=Q 66. Rc6+ Kd5 0-1


[Site "https://www.chess.com"]

[Event "Titled Tuesday Blitz February 21 Early 2023"]
[White "Ter-Sahakyan, Samvel"]
[Black "Kilic, Eray"]
[WhiteFideId "13302531"]
[BlackFideId "44517173"]
[WhiteElo "2617"]
[BlackElo "2414"]
[Result "1-0"]
[Round "09"]
[TimeControl "180+2"]
[Date "2023.02.21"]
[WhiteClock "0:00:05"]
[BlackClock "0:00:06"]

1. d4 Nf6 2. c4 e6 3. Nf3 b6 4. g3 Bb7 5. Bg2 Be7 6. O-O O-O 7. h4 Qc8 8. Nc3 Ne4 9. Qc2 Nxc3 10. bxc3 f5 11. d5 Na6 12. Nd4 Nc5 13. a4 d6 14. Ba3 e5 15. Bxc5 dxc5 16. Ne6 Rf6 17. a5 Bd6 18. Bh3 g6 19. e4 Rxe6 20. dxe6 Bxe4 21. Qe2 Qe8 22. Bg2 Bxg2 23. Kxg2 Qxe6 24. axb6 cxb6 25. Ra6 e4 26. Rfa1 f4 27. f3 exf3+ 28. Qxf3 Rf8 29. Rxa7 fxg3 30. Ra8 h5 31. Rxf8+ Bxf8 32. Qd5 Qxd5+ 33. cxd5 Bd6 34. Ra6 Be5 35. c4 Bf6 36. Rxb6 Bxh4 37. Rxg6+ Kh7 38. Re6 Kg7 39. d6 Kf7 40. Re5 Bf6 41. Rxc5 Ke6 42. Rd5 Bd8 43. Kxg3 h4+ 44. Kg4 Kd7 45. Rd3 Kc6 46. Kf5 h3 47. Rxh3 Kxd6 48. Rd3+ Kc7 49. Ke6 Bg5 50. Kd5 Bf4 51. c5 Bh2 52. Rf3 Kd7 53. Rf7+ Kc8 54. Kc6 Kb8 55. Rf8+ Ka7 56. Kd7 Bf4 57. Rxf4 1-0


[Site "https://www.chess.com"]

[Event "Titled Tuesday Blitz February 21 Early 2023"]
[White "Fernandez Guillen, Ernesto J."]
[Black "Ibarra Jerez, Jose Carlos"]
[WhiteFideId "3512428"]
[BlackFideId "2226332"]
[WhiteElo "2477"]
[BlackElo "2563"]
[Result "0-1"]
[Round "09"]
[TimeControl "180+2"]
[Date "2023.02.21"]
[WhiteClock "0:00:07"]
[BlackClock "0:00:05"]

1. e4 c5 2. Nf3 Nc6 3. Bb5 e6 4. O-O Nge7 5. c3 a6 6. Ba4 b5 7. Bc2 Bb7 8. Re1 Rc8 9. d4 cxd4 10. cxd4 Nb4 11. Bb3 Rxc1 12. Qxc1 Nd3 13. Qd2 Nxe1 14. Qxe1 Ng6 15. Nc3 Be7 16. Rd1 O-O 17. d5 Qb6 18. e5 Rc8 19. h3 b4 20. Ne4 Nf4 21. dxe6 dxe6 22. Rd7 Rc1 23. Bd1 Bc6 24. Qd2 Ne2+ 25. Kh2 Bxd7 26. Qxd7 Qd8 27. Qxd8+ Bxd8 28. Bxe2 a5 29. b3 Rc2 30. Bb5 Rxa2 31. Kg3 Bc7 32. Kf4 Kf8 33. Ke3 Rb2 34. Ba4 Bb6+ 35. Kf4 Bxf2 36. Nxf2 Rxf2 37. g4 Ke7 38. h4 f6 39. g5 f5 40. Ke3 Rg2 41. Bb5 Rg4 42. Ba4 Re4+ 43. Kf2 Kf7 44. Kg3 Rg4+ 45. Kf2 Ke7 46. Ke3 h6 47. Kf2 hxg5 48. hxg5 g6 49. Ke3 Re4+ 50. Kd3 Rf4 51. Ke3 Rg4 52. Kf2 Kd8 53. Ke3 Kc7 54. Kd3 Rg3 55. Ke2 Rg2+ 56. Ke3 Rg4 57. Kd3 Re4 58. Kd2 Kd8 59. Kd3 Rg4 60. Ke3 Rg2 61. Kf4 Re2 62. Kg3 Ra2 63. Kf4 Ke7 64. Ke3 Rc2 65. Nh4 Rc3+ 66. Kf4 Kf7 67. Nf3 Rd3 68. Kg3 Rd8 69. Kf2 Ke7 70. Ke3 Rh8 71. Kf4 Rh5 72. Ke3 Kd8 73. Kf4 Rh1 74. Ke3 Ra1 75. Nd4 Ke7 76. Nc6+ Kf7 77. Nxa5 Rg1 78. Nc6 Rxg5 79. Nxb4 Rg3+ 80. Kf2 Rg4 81. Nc6 g5 82. Kf3 Rh4 83. b4 Rh3+ 84. Kg2 Ra3 85. Bb5 g4 86. Nd4 f4 87. Bc6 Ra2+ 88. Kg1 f3 89. b5 Rb2 90. Kf1 Kg6 91. Nxe6 Kf5 92. Nd4+ Kf4 93. e6 Ke3 94. Nf5+ Kf4 95. e7 g3 96. Nxg3 Kxg3 97. Ke1 Re2+ 98. Kd1 Rxe7 99. b6 f2 100. Bb5 Re1+ 101. Kd2 f1=Q 102. Bxf1 Rxf1 103. Kc3 Rb1 0-1


[Site "https://www.chess.com"]